Map: Backwater LE

Players

Schnitzel - Winner!

  • Race: Terran Terran
  • League: Grandmaster
  • Spawn Location: 11:00

FoxeR

  • Race: Terran Terran
  • League: Master
  • Spawn Location: 5:00

VOD

Have the link to the VOD?

Description

Time

  • Played on: Feb. 22, 2018, 6:49 p.m.
  • Length: 8:35
Show
View Real Time Build Order
Export as new Build Order

Schnitzel Terran - Winner!

Build Orders: Cyclone Opening, Reaper Expand, MMM Bio 

Get SALT Encoding   

  12  0:00  SCV  
  13  0:13  SCV  
  14  0:16  Supply Depot  
  14  0:25  SCV  
  15  0:30  Refinery  
  15  0:38  SCV  
  16  0:44  Barracks  
  16  0:50  SCV  
  17  1:02  SCV  
  18  1:14  SCV  
  19  1:31  Orbital Command  
  19  1:32  Reaper  
  20  1:47  Command Center  
  20  1:57  SCV  
  20  1:58  Supply Depot  
  21  2:03  Marine  
  22  2:10  SCV  
  22  2:14  Factory  
  23  2:22  SCV, Marine  
  25  2:38  Barracks, SCV  
  25  2:40  Marine  
  27  2:46  Refinery  
  27  2:50  SCV  
  31  2:58  Cyclone  
  31  3:00  Orbital Command  
  31  3:02  SCV  
  32  3:14  SCV  
  32  3:15  Barracks Tech Lab  
  33  3:25  SCV  
  33  3:26  SCV  
  35  3:32  Barracks Reactor  
  34  3:35  Stimpack, Marine  
  34  3:37  SCV  
  34  3:38  SCV  
  37  3:43  Engineering Bay  
  37  3:47  Starport  
  37  3:49  SCV  
  37  3:50  SCV, Factory Reactor  
  37  3:54  Supply Depot  
  37  3:55  Marine  
  40  4:01  SCV  
  41  4:03  SCV  
  41  4:09  Marine x2  
  42  4:13  Marine  
  42  4:14  SCV  
  45  4:19  SCV  
  45  4:23  Terran Infantry Weapons Level 1  
  46  4:26  SCV  
  46  4:27  Supply Depot, Marine x2  
  46  4:30  Marine  
  46  4:31  SCV  
  51  4:34  Factory Tech Lab  
  51  4:35  Refinery  
  51  4:38  SCV  
  52  4:39  Medivac  
  54  4:48  SCV, Marine x3  
  54  4:49  Supply Depot  
  54  4:50  Supply Depot, SCV  
  59  4:55  Medivac  
  61  5:00  SCV  
  62  5:09  Supply Depot  
  62  5:11  SCV, Marine x2  
  62  5:12  Supply Depot  
  65  5:14  Command Center  
  65  5:16  Marine  
  65  5:21  Siege Tank, SCV  
  70  5:23  SCV  
  70  5:25  Refinery  
  71  5:29  Marine x2  
  70  5:36  Combat Shields  
  70  5:39  SCV, Marine  
  70  5:47  Marine x2  
  70  5:48  SCV  
  73  5:53  Medivac x2  
  73  5:55  SCV  
  73  5:57  Marine  
  78  6:00  SCV  
  78  6:01  Barracks x2  
  78  6:03  Siege Tank  
  83  6:04  Marine  
  83  6:07  SCV  
  85  6:14  Barracks, SCV  
  85  6:16  Marine x2  
  85  6:18  Terran Infantry Armor Level 1  
  88  6:20  SCV  
  88  6:24  Supply Depot  
  89  6:26  SCV  
  89  6:27  Orbital Command  
  89  6:32  SCV, Marine  
  92  6:36  Siege Tank  
  92  6:37  Medivac  
  97  6:42  Medivac  
  97  6:44  SCV x2  
  101  6:49  Barracks Tech Lab x2  
  92  6:56  SCV  
  89  7:03  Marine x2  
  89  7:04  Marauder  
  89  7:07  SCV x2  
  96  7:09  Marauder, Concussive Shells  
  96  7:10  Barracks Reactor, Marauder  
  96  7:13  SCV  
  100  7:19  SCV x2  
  100  7:21  Marine  
  102  7:25  Marauder, SCV  
  100  7:34  Marauder x2, Siege Tank, Marine  
  100  7:36  SCV  
  100  7:37  SCV  
  102  7:39  Refinery x2, Marine  
  102  7:42  Command Center  
  104  7:44  SCV  
  104  7:46  Marauder  
  105  7:55  Marauder x2, Marine x2  
  105  7:56  Marine  
  112  7:59  SCV x2  
  112  8:00  SCV  
  115  8:06  Armory  
  115  8:08  Marauder  
  115  8:10  Engineering Bay  
  115  8:11  SCV  
  119  8:13  Supply Depot  
  119  8:14  Marine x2  
Show
View Real Time Build Order
Export as new Build Order

FoxeR Terran 

Build Orders: Cyclone Opening 

Get SALT Encoding   

  12  0:00  SCV  
  13  0:12  SCV  
  14  0:17  Supply Depot  
  14  0:24  SCV  
  14  0:27  Refinery  
  15  0:39  SCV  
  16  0:45  Barracks  
  16  0:51  SCV  
  17  1:05  SCV  
  18  1:17  SCV  
  20  1:32  Reaper, Orbital Command  
  20  1:45  Command Center  
  20  1:56  Factory  
  20  2:00  SCV  
  21  2:06  Barracks Reactor  
  21  2:10  Refinery  
  21  2:15  SCV  
  22  2:27  Supply Depot, SCV  
  22  2:39  SCV  
  23  2:48  Cyclone  
  23  2:51  SCV  
  27  2:56  Cyclone  
  29  3:00  Orbital Command  
  29  3:03  SCV  
  30  3:15  SCV  
  31  3:27  SCV  
  31  3:28  Cyclone  
  31  3:32  Supply Depot  
  35  3:36  SCV  
  35  3:37  Command Center  
  35  3:41  SCV  
  37  3:44  Cyclone  
  37  3:48  SCV  
  41  3:53  SCV  
  42  3:56  Supply Depot  
  42  4:00  SCV  
  42  4:01  Cyclone  
  46  4:17  SCV x2  
  46  4:20  Cyclone, Supply Depot  
  46  4:22  Refinery  
  51  4:26  Refinery  
  51  4:29  SCV x2  
  53  4:41  SCV  
  53  4:42  Cyclone, SCV  
  58  4:51  Orbital Command  
  58  4:53  SCV  
  58  4:54  Cyclone, SCV  
  58  4:56  Engineering Bay  
  63  5:06  SCV x2  
  68  5:14  Cyclone  
  68  5:18  SCV x2  
  68  5:20  SCV, Refinery  
  71  5:24  Supply Depot  
  71  5:26  Cyclone  
  74  5:29  Barracks Reactor  
  74  5:30  SCV  
  74  5:32  Factory  
  75  5:38  SCV x2  
  77  5:46  Cyclone, SCV, Sensor Tower  
  75  5:50  SCV x2  
  77  5:58  SCV  
  77  5:59  Cyclone  
  77  6:02  SCV  
  77  6:03  SCV  
  77  6:04  Refinery  
  83  6:06  Sensor Tower  
  83  6:10  SCV  
  84  6:14  SCV  
  85  6:19  Armory  
  85  6:20  Armory  
  85  6:24  SCV x2  
  85  6:25  Supply Depot x2  
  87  6:26  Supply Depot, SCV  
  87  6:31  Supply Depot  
  88  6:33  Cyclone  
  88  6:34  Supply Depot  
  88  6:36  SCV x2  
  93  6:45  SCV  
  93  6:46  Cyclone x2  
  99  6:49  SCV  
  99  6:51  Cyclone  
  99  6:53  SCV  
  83  7:04  SCV x2  
  83  7:05  Cyclone  
  85  7:16  SCV  
  85  7:19  Cyclone x2  
  85  7:24  Cyclone  
  66  7:32  SCV x2  
  66  7:34  SCV  
  58  7:37  Cyclone  
  58  7:44  SCV x2  
  59  7:46  SCV  
  59  7:51  Cyclone x2  
  66  7:56  Cyclone, SCV x2  
  71  7:58  SCV  
  72  8:07  Orbital Command  
  72  8:08  SCV  
  72  8:10  SCV  
  78  8:20  SCV  
  78  8:23  SCV  
Tags
 
Add a new tag
Caveats
  • Supply blocks, unpowered buildings, or Contaminate may cause inaccurate times.
  • Supply counts are checked every 10 seconds.